 Dungeon Crawl Stone Soup version 0.31.0-11-ge490571c62 (webtiles) character file.

Game seed: 15289300496571756409

567 qw the Ducker (level 7, -2/35 HPs)
             Began as a Spriggan Hunter on Feb 3, 2024.
             Incinerated by a bombardier beetle (5 damage)
             ... with a burning spray
             ... on level 4 of the Dungeon.
             The game lasted 00:00:13 (3303 turns).

qw the Ducker (Spriggan Hunter)                     Turns: 3303, Time: 00:00:14

Health: -2/35      AC:  7    Str: 10    XL:     7   Next: 11%
Magic:  8/8        EV: 22    Int: 11    God:
Gold:   155        SH:  0    Dex: 20    Spells: 6/6 levels left

rFire   . . .        l - +1 orcbow
rCold   . . .        (shield currently unavailable)
rNeg    . . .        c - +0 robe
rPois   .            (helmet restricted)
rElec   .            j - +0 cloak
rCorr   .            (gloves unavailable)
SInv    +            (boots unavailable)
Will    ++...        (no amulet)
Stlth   +            e - ring of willpower
HPRegen 0.25/turn    i - ring of Temptation {Fly AC+4 Str+3}
MPRegen 0.11/turn

%: no passive effects
@: on fire, flying, glowing, very quick
A: very small, no large weapons, unfitting armour, see invisible, speed 3
a: no special abilities


You were on level 4 of the Dungeon.
You visited 2 branches of the dungeon, and saw 5 of its levels.

You collected 155 gold pieces.


Innate Abilities, Weirdness & Mutations

You are very small and have problems with some larger weapons.
You are too small for most types of armour.
You have supernaturally acute eyesight. (SInv)
You cover ground extremely quickly. (Speed+++)


   Skills:
 - Level 2.4 Fighting
 + Level 6.7 Ranged Weapons
 - Level 6.8 Dodging
 - Level 1.5 Stealth


You had 6 spell levels left.
You didn't know any spells.
Your spell library was empty.

Inventory:

Hand Weapons
 l - a +1 orcbow (weapon)
Armour
 c - a +0 robe (worn)
 j - a +0 cloak (worn)
Jewellery
 e - a ring of willpower (left hand)
 i - the ring of Temptation (right hand) {Fly AC+4 Str+3}
   (You found it on level 3 of the Dungeon)

   [ring of protection]

   AC+4:      It affects your AC (+4).
   Str+3:     It affects your strength (+3).
   Fly:       It grants you flight.
Wands
 b - a wand of polymorph (14)
 d - a wand of roots (6)
 g - a wand of flame (15)
Scrolls
 n - a scroll of poison {unknown}
 o - a scroll of fear {unknown}
Potions
 a - 2 potions of enlightenment {unknown}
 f - 3 potions of heal wounds
 k - 2 potions of curing
 p - a potion of attraction {unknown}

Dungeon Overview and Level Annotations

Branches:
Dungeon (4/15)             Temple (1/1) D:4

Altars:
Ashenzari
Cheibriados
Dithmenos
Fedhas
Gozag
Hepliaklqana
Makhleb
Nemelex Xobeh
Qazlal
Sif Muna
Vehumet
Wu Jian
Zin
The Shining One

Annotations:
D:3 2 transporters, qw's ghost, amateur SpHu
D:4 Duvessa


Message History

The kobold throws a stone.
The stone misses you.
You shoot an arrow. The arrow hits the kobold.
You kill the kobold!
There is an open door here.
You reach down and open the gate.
A bombardier beetle comes into view.
Found a snail-covered altar of Cheibriados.
You shoot an arrow.
The arrow barely misses the bombardier beetle.
You shoot an arrow. The arrow hits the bombardier beetle.
The bombardier beetle is moderately wounded.
You shoot an arrow. The arrow hits the bombardier beetle!
The bombardier beetle is almost dead.
The bombardier beetle sprays incendiary fluid at you.
The burning spray hits you.
You are covered in liquid fire!
You shoot an arrow. The arrow hits the bombardier beetle.
You kill the bombardier beetle!
The liquid fire burns you!
You are on fire!
The liquid fire burns you!
You are on fire!
The liquid fire burns you!
You are on fire!
The liquid fire burns you!
You are on fire!
The liquid fire burns you!
You are on fire!
The liquid fire burns you!
You are on fire!
The liquid fire burns you!
You are on fire!
The liquid fire burns you!
You are on fire!
The liquid fire burns you!
You are on fire!
The liquid fire burns you!
You are on fire!
The liquid fire burns you!
You die...

###.# #.......[#.#.#..# #.#
#.########...#..#
###.#######.#.._..##.#.#..#
)...........#.....##.#.#..#######
###.#########.....##...=.........
###.# #.#.....####.#..#######
....#######.#.....#....#..#
###.........##'''#######..#
..#.#####...#...@.######..#
.....(......#.....#.......#
....#####.###..8..#.####.## #.%.#
#...# #.......#..#.####
....###.### #...............#
#..##...# #......#####.##.#
#.....### #......'.....########
#.##.># #......####.##...#...
#.###.# #..)...# #....}...}.


There were no monsters in sight!

Vanquished Creatures
  Sigmund (D:3)
  An ogre (D:4)
  A scorpion (D:3)
  Dowan (D:4)
  A bombardier beetle (D:4)
  Natasha (D:3)
  An orc wizard (D:4)
  6 adders
  2 dart slugs
  6 orcs
  6 bats
  6 endoplasms
  5 giant cockroaches
  4 goblins
  5 hobgoblins
  5 jackals
  12 kobolds
  3 quokkas
  7 ball pythons
  3 rats (D:1)
77 creatures vanquished.

Notes
Turn   | Place    | Note
-------+----------+-------------------------------------------
     0 | D:1      | qw the Spriggan Hunter began the quest for the Orb.
     0 | D:1      | Reached XP level 1. HP: 10/10 MP: 2/2
     0 | D:1      | 0 ||| qw: Version: 0.3-a-158-g18b3111
     0 | D:1      | 0 ||| qw: Game counter: 4198
     0 | D:1      | 0 ||| qw: Melee chars always use a shield: true
     0 | D:1      | 0 ||| qw: God list: Okawaru
     0 | D:1      | 0 ||| qw: Allow faded altars: false
     0 | D:1      | 0 ||| qw: Do Orc after clearing Dungeon:15 true
     0 | D:1      | 0 ||| qw: Do second Lair branch before Depths: true
     0 | D:1      | 0 ||| qw: Lair rune preference: random
     0 | D:1      | 0 ||| qw: Goals: Normal
     0 | D:1      | 0 ||| PLANNING D:1-11
    56 | D:1      | Reached skill level 3 in Dodging
   134 | D:1      | Reached XP level 2. HP: 14/14 MP: 3/3
   549 | D:1      | Found a faded altar of an unknown god.
   704 | D:1      | 704 ||| UPGRADING to ring of willpower.
   705 | D:1      | 705 ||| READING scroll labelled GERRENOENO.
   706 | D:1      | 706 ||| READING scroll labelled AMUKKI ZITRITUHOTO.
   731 | D:1      | 731 ||| READING scroll labelled XEORIU ATSOE.
   732 | D:1      | 732 ||| READING scroll labelled TIUSCH ZAICAL.
   732 | D:1      | 732 ||| ENCHANTING +0 shortbow.
   733 | D:1      | 733 ||| READING scroll labelled MOMECKU WAREA.
   734 | D:1      | 734 ||| READING 2 scrolls labelled KOQY TAACKUS.
   739 | D:1      | 739 ||| DROPPING scroll of butterflies.
   755 | D:2      | 755 ||| STAIRDANCE
   758 | D:1      | Reached XP level 3. HP: 18/18 MP: 4/4
   763 | D:2      | 763 ||| STAIRDANCE
   920 | D:2      | HP: 4/18 [poisoned by an adder]
   993 | D:2      | Found a stormy altar of Qazlal.
  1517 | D:2      | 1517 ||| DRINKING 2 grey potions.
  1518 | D:2      | 1518 ||| DRINKING fuming red potion.
  1519 | D:2      | 1519 ||| DRINKING 4 bubbling cyan potions.
  1520 | D:2      | 1520 ||| DRINKING murky white potion.
  1521 | D:2      | 1521 ||| DRINKING smoky red potion.
  1522 | D:2      | 1522 ||| DRINKING fizzy blue potion.
  1528 | D:2      | 1528 ||| DROPPING potion of ambrosia.
  1557 | D:3      | Found an opulent altar of Gozag.
  1568 | D:3      | Reached XP level 4. HP: 22/22 MP: 5/5
  1571 | D:3      | Noticed Sigmund
  1583 | D:3      | Killed Sigmund
  1584 | D:3      | Reached skill level 6 in Dodging
  1584 | D:3      | Reached XP level 5. HP: 15/25 MP: 6/6
  1654 | D:3      | Noticed qw's ghost (amateur SpHu)
  1661 | D:3      | Found a transporter.
  1683 | D:3      | Found a transporter.
  1708 | D:3      | Reached XP level 6. HP: 32/32 MP: 7/7
  2001 | D:3      | Identified the ring of Temptation {Fly AC+4 Str+3}
  2077 | D:3      | Noticed Natasha
  2080 | D:3      | Killed Natasha
  2163 | D:3      | 2163 ||| UPGRADING to +0 cloak.
  2168 | D:3      | 2168 ||| DROPPING +6 ring of intelligence.
  2169 | D:3      | 2169 ||| UPGRADING to ring of Temptation {Fly AC+4 Str+3}.
  2170 | D:3      | 2170 ||| READING 2 scrolls labelled LECIAFETIEGO.
  2170 | D:3      | 2170 ||| IDENTIFYING fizzy orange potion
  2171 | D:3      | 2171 ||| READING scroll of identify.
  2171 | D:3      | 2171 ||| IDENTIFYING scroll labelled MISKUA BYATUQ
  2172 | D:3      | 2172 ||| DROPPING scroll of vulnerability.
  2303 | D:4      | Found a staircase to the Ecumenical Temple.
  2304 | D:4      | 2304 ||| PLANNING TEMPLE
  2310 | Temple   | Entered the Ecumenical Temple
  2311 | Temple   | 2311 ||| PLANNING D:1-11
  2469 | D:4      | Found an ornate altar of the Wu Jian Council.
  2471 | D:4      | Found a radiant altar of Vehumet.
  2472 | D:4      | Found a broken altar of Ashenzari.
  2485 | D:4      | Found a shimmering blue altar of Sif Muna.
  2486 | D:4      | 2486 ||| SWAPPING to +0 orcbow.
  2487 | D:4      | 2487 ||| DROPPING +0 shortbow.
  2539 | D:4      | Reached skill level 6 in Ranged Weapons
  2852 | D:4      | Noticed Dowan
  2858 | D:4      | Killed Dowan
  2859 | D:4      | Reached XP level 7. HP: 33/35 MP: 8/8
  3011 | D:4      | Noticed Duvessa
  3012 | D:4      | 3012 ||| DROPPING ring of flight.
  3013 | D:4      | 3013 ||| READING scroll labelled WUPSAI KAGOA.
  3013 | D:4      | 3013 ||| ENCHANTING +0 orcbow.
  3035 | D:4      | HP: 8/35 [Duvessa/+0 short sword (5)]
  3036 | D:4      | 3036 ||| READING scroll of teleportation.
  3037 | D:4      | 3037 ||| DRINKING 3 potions of heal wounds.
  3289 | D:4      | Found a snail-covered altar of Cheibriados.
  3301 | D:4      | HP: 4/35 [burnt (5)]
  3303 | D:4      | Incinerated by a bombardier beetle

Levels and vault maps discovered:
D:1:      reono_arrival_forest_river, layout_loops_ring,
          ebering_ecumenical_altar_hall
D:2:      layout_loops_ring, basic_altar, uniq_crazy_yiuf_cottage
D:3:      layout_loops_cross, nicolae_gozag_seed_capital,
          gammafunk_ghost_stat_death, minivault_4, uniq_natasha, uniq_sigmund
D:4:      layout_basic, slow_altar_2, nicolae_overflow_quartered_altars,
          minmay_temple_entry_nine_rooms, uniq_duvessa
Temple:   hellmonk_temple_rainy

Skill      XL: |  1  2  3  4  5  6 |
---------------+-------------------+-----
Dodging        | 3 4 6 |  6.8
Ranged Weapons | 5 6 |  6.7
Fighting       | 2 |  2.4
Stealth        | |  1.5

Action                     |  1- 3 |  4- 6 |  7- 9 || total
---------------------------+-------+-------+-------++-------
   Fire: Shortbow          |   115 |    65 |       ||   180
         Orcbow            |       |    47 |    37 ||    84
    Use: Scroll            |     6 |     2 |     2 ||    10
         Potion            |     6 |       |     1 ||     7
 Armour: Robe              |    15 |    10 |     8 ||    33
  Dodge: Dodged            |    45 |    31 |    28 ||   104

Table legend:
 A = Non-vault XP
 B = Vault XP
 C = Vault XP percentage of total XP
 D = Non-vault monster count
 E = Vault monster count
 F = Vault count percentage of total count
                 A         B        C        D         E       F
            +---------+---------+-------+---------+---------+-------
      Total |     445 |     366 |  45.1 |      73 |       4 |   5.2
            +---------+---------+-------+---------+---------+-------
        D:1 |      49 |       0 |   0.0 |      23 |       0 |   0.0
        D:2 |      44 |       0 |   0.0 |      10 |       0 |   0.0
        D:3 |     125 |     249 |  66.6 |      17 |       2 |  10.5
        D:4 |     227 |     117 |  34.0 |      23 |       2 |   8.0
            +---------+---------+-------+---------+---------+-------
